Map: 월드 오브 슬리퍼스 - 래더

Players

Bunny

  • Race: Terran Terran
  • Spawn Location: 7:00

PtitDrogo - Winner!

  • Race: Protoss Protoss
  • Spawn Location: 1:00

Event: IEM Katowice 2020

VOD

Have the link to the VOD?

Description

Time

  • Played on: Feb. 25, 2020, 4:57 a.m.
  • Length: 12:44

All games in this series

Show
View Real Time Build Order
Export as new Build Order

Bunny Terran 

Build Orders:  

Get SALT Encoding   

  12  0:00  SCV  
  13  0:12  SCV  
  14  0:16  Supply Depot  
  14  0:25  SCV  
  15  0:38  SCV  
  15  0:40  Barracks  
  16  0:43  Refinery  
  16  0:50  SCV  
  17  1:02  SCV  
  18  1:14  SCV  
  19  1:27  Orbital Command, Marine  
  20  1:38  Command Center  
  20  1:49  Factory  
  20  1:53  SCV  
  21  2:00  Supply Depot  
  21  2:03  Barracks Reactor  
  21  2:05  SCV  
  22  2:11  Refinery  
  22  2:17  SCV  
  23  2:29  SCV  
  24  2:38  Starport  
  24  2:42  SCV  
  24  2:43  Hellion x2  
  29  2:49  Orbital Command  
  29  2:54  SCV  
  30  3:04  Hellion x2  
  34  3:08  SCV  
  35  3:15  Medivac  
  35  3:16  SCV, Barracks Tech Lab  
  38  3:20  SCV  
  38  3:26  Widow Mine x2  
  43  3:29  Supply Depot  
  43  3:30  SCV  
  43  3:32  SCV  
  45  3:42  SCV  
  45  3:46  Starport Tech Lab  
  46  3:50  SCV  
  46  3:53  Marine x2  
  46  3:54  SCV  
  50  3:56  Supply Depot, Siege Tank  
  50  4:02  SCV  
  54  4:08  Supply Depot  
  54  4:16  Command Center  
  54  4:17  SCV, Raven  
  54  4:21  Bunker  
  54  4:22  Marine x2  
  59  4:28  SCV  
  59  4:30  SCV  
  61  4:37  Siege Tank  
  64  4:39  Barracks  
  64  4:41  Barracks  
  64  4:43  SCV x2  
  64  4:45  Marine x2  
  68  4:52  Refinery  
  68  4:54  Refinery  
  68  4:55  SCV x2  
  70  5:01  Engineering Bay  
  70  5:02  Engineering Bay  
  70  5:11  Starport Reactor  
  70  5:19  Stimpack  
  70  5:23  Supply Depot  
  70  5:26  Supply Depot  
  70  5:27  SCV x2  
  70  5:28  Orbital Command  
  72  5:30  Terran Infantry Weapons Level 1  
  72  5:32  Marauder  
  74  5:40  SCV x2  
  74  5:44  Barracks  
  74  5:47  Barracks  
  74  5:48  Marauder  
  76  5:50  Marine x2  
  76  5:52  SCV x2, Medivac  
  76  5:53  Medivac  
  82  6:01  Marauder  
  82  6:02  Combat Shield  
  82  6:04  SCV x2  
  86  6:13  Orbital Command, Terran Infantry Armor Level 1  
  86  6:14  Supply Depot, Marauder, Marine x2  
  86  6:17  SCV x2  
  92  6:26  Medivac x2  
  92  6:29  SCV x2  
  92  6:30  Supply Depot, Marauder  
  92  6:31  Marine  
  101  6:35  Marine  
  101  6:37  Supply Depot x2  
  101  6:39  Barracks Reactor  
  102  6:40  Supply Depot, Barracks Tech Lab  
  102  6:43  SCV x3  
  102  6:46  Widow Mine  
  107  6:55  SCV x2  
  107  6:56  SCV  
  107  6:59  Concussive Shells, Supply Depot, Refinery x2  
  107  7:00  Marauder  
  107  7:01  Marauder  
  114  7:07  Marauder  
  116  7:10  Marine x2  
  116  7:13  Widow Mine  
  116  7:14  SCV x3  
  123  7:16  Medivac x2  
  123  7:19  Marine x2  
  129  7:28  Marauder x2  
  129  7:29  Marauder  
  133  7:33  Marine x2  
  133  7:35  Widow Mine  
  129  7:37  SCV x3, Marine  
  129  7:44  Supply Depot  
  133  7:46  Medivac x2  
  133  7:48  Marine  
  133  7:50  Marauder x3  
  133  7:51  Marine x2  
  146  8:01  Factory Reactor  
  146  8:02  SCV x3, Armory, Starport  
  149  8:10  Marine x2  
  149  8:11  Marauder x2, Marine x2  
  157  8:13  Supply Depot  
  157  8:35  Marauder x3, Marine x2  
  157  8:39  Medivac  
  157  8:40  Medivac  
  157  8:41  Marine  
  165  8:42  Marine  
  162  8:52  Marine x2  
  153  8:57  Marauder x3  
  153  8:58  Terran Infantry Armor Level 2, Marine, Terran Infantry Weapons Level 2  
  153  9:01  Barracks x2  
  146  9:09  Viking  
  146  9:10  Viking  
  146  9:14  Marine x3  
  145  9:18  Marauder x3  
  145  9:19  Viking, Supply Depot  
  145  9:21  Command Center  
  153  9:24  Viking  
  155  9:36  Terran Ship Weapons Level 1  
  155  9:39  Supply Depot, Marauder x3, Marine x4  
  155  9:40  Supply Depot  
  138  9:52  Liberator  
  138  9:53  Liberator x2  
  138  9:56  Marine  
  144  10:02  Marauder x3  
  144  10:03  Marine x2  
  144  10:04  Marine  
  144  10:05  Medivac  
  154  10:14  Marine  
  154  10:21  Barracks Reactor, Barracks Tech Lab  
  151  10:23  Supply Depot x2, Marauder x3  
  151  10:25  Marine x3  
  157  10:32  SCV, Marine  
  157  10:33  SCV x2, Planetary Fortress  
  150  10:35  Medivac  
  150  10:42  Marine  
  139  10:43  Marine x2  
  139  10:44  Marauder  
  139  10:45  Marauder, Sensor Tower  
  139  10:46  Medivac  
  142  10:53  Marauder  
  142  10:57  Marine x3  
  144  11:01  Marauder  
  144  11:02  Fusion Core  
  149  11:12  Marauder x2, Marine x2  
  149  11:14  Marauder  
  149  11:18  Marine x3  
  157  11:20  Medivac  
  157  11:22  Marauder  
  164  11:37  Refinery  
  162  11:51  Missile Turret  
  162  11:53  Missile Turret x2  
  162  11:56  Marauder x3  
  163  12:02  Marine x5  
  125  12:12  SCV x3  
  125  12:14  Marauder  
  125  12:15  Marine  
  121  12:17  Marauder x2, Marine  
  121  12:20  Marine  
  121  12:21  Marine  
  121  12:22  Marine x2  
Show
View Real Time Build Order
Export as new Build Order

PtitDrogo Protoss - Winner!

Build Orders: 1 Gate Expand, Zealot Archon 

Get SALT Encoding   

  12  0:00  Probe  
  13  0:12  Probe  
  14  0:17  Pylon  
  14  0:25  Probe (Chrono Boost)  
  15  0:37  Probe (Chrono Boost), Gateway  
  16  0:44  Probe (Chrono Boost)  
  16  0:49  Assimilator  
  17  0:51  Probe  
  18  1:03  Probe  
  19  1:15  Probe  
  20  1:23  Nexus  
  20  1:34  Cybernetics Core  
  20  1:35  Probe  
  21  1:42  Assimilator  
  21  1:47  Probe  
  21  1:51  Pylon  
  22  1:59  Probe  
  23  2:07  Stalker (Chrono Boost)  
  23  2:13  Probe  
  26  2:16  Warp Gate  
  26  2:25  Probe (Chrono Boost)  
  27  2:30  Stalker  
  27  2:33  Robotics Facility  
  27  2:35  Probe (Chrono Boost)  
  30  2:37  Probe (Chrono Boost)  
  32  2:45  Probe x2 (Chrono Boost)  
  32  2:50  Probe (Chrono Boost)  
  33  2:51  Probe  
  35  3:00  Sentry  
  35  3:02  Probe  
  35  3:03  Probe, Gateway  
  39  3:10  Gateway  
  39  3:15  Pylon  
  39  3:16  Probe  
  39  3:18  Probe  
  41  3:21  Observer (Chrono Boost)  
  42  3:28  Probe  
  42  3:30  Probe  
  44  3:35  Observer (Chrono Boost)  
  46  3:43  Probe x2 (Chrono Boost)  
  46  3:44  Nexus  
  47  3:50  Pylon  
  47  3:54  Probe (Chrono Boost)  
  49  3:56  Assimilator  
  49  3:58  Probe (Chrono Boost)  
  49  3:59  Assimilator  
  49  4:00  Probe (Chrono Boost)  
  49  4:02  Pylon  
  51  4:05  Probe  
  53  4:15  Stalker x2  
  56  4:17  Pylon  
  56  4:18  Stalker  
  56  4:20  Probe  
  56  4:21  Probe  
  59  4:28  Observer (Chrono Boost)  
  60  4:32  Probe  
  60  4:33  Probe  
  62  4:41  Robotics Bay  
  62  4:43  Forge  
  62  4:44  Probe  
  62  4:45  Probe  
  62  4:47  Stalker  
  62  4:49  Stalker  
  67  4:54  Stalker  
  67  4:56  Probe x2  
  67  4:57  Probe  
  72  5:08  Probe (Chrono Boost)  
  72  5:10  Probe (Chrono Boost)  
  72  5:12  Probe (Chrono Boost)  
  75  5:15  Twilight Council  
  75  5:19  Probe (Chrono Boost)  
  75  5:20  Probe (Chrono Boost)  
  78  5:23  Probe (Chrono Boost)  
  78  5:24  Probe (Chrono Boost)  
  78  5:25  Probe (Chrono Boost)  
  80  5:32  Probe, Stalker x2  
  85  5:40  Probe  
  85  5:44  Protoss Ground Weapons Level 1 (Chrono Boost)  
  85  5:52  Pylon  
  85  5:53  Probe  
  85  5:55  Pylon  
  85  5:56  Blink (Chrono Boost)  
  85  5:59  Extended Thermal Lance  
  85  6:02  Assimilator  
  85  6:03  Pylon, Assimilator  
  85  6:04  Pylon  
  85  6:10  Probe x3, Colossus (Chrono Boost)  
  88  6:17  Photon Cannon  
  88  6:18  Shield Battery, Gateway  
  94  6:21  Gateway x2  
  94  6:22  Gateway  
  94  6:24  Probe  
  95  6:28  Probe  
  95  6:29  Probe  
  95  6:31  Templar Archives  
  97  6:33  Sentry  
  97  6:36  Probe  
  97  6:38  Gateway  
  100  6:43  Forge  
  100  6:46  Pylon  
  100  6:47  Colossus (Chrono Boost)  
  100  6:54  Robotics Facility  
  106  6:55  Photon Cannon  
  106  7:01  Stalker x2  
  108  7:03  Stalker  
  112  7:13  Cybernetics Core  
  112  7:14  Gateway  
  112  7:18  Pylon  
  112  7:19  Pylon  
  112  7:23  Zealot  
  112  7:28  Probe  
  114  7:32  Colossus (Chrono Boost)  
  114  7:33  Probe  
  116  7:37  Probe  
  116  7:40  Probe  
  117  7:45  Probe, High Templar  
  117  7:46  Zealot x2, High Templar  
  117  7:49  Probe  
  117  7:50  Charge  
  127  7:52  Probe  
  127  7:55  Protoss Ground Armor Level 1 (Chrono Boost)  
  127  7:56  Protoss Ground Weapons Level 2 (Chrono Boost), Archon  
  127  7:57  Probe  
  129  8:01  Probe  
  129  8:04  Probe  
  131  8:05  High Templar  
  131  8:10  High Templar  
  131  8:11  Zealot x3  
  141  8:22  Archon  
  141  8:30  Pylon  
  141  8:31  Pylon x3  
  141  8:34  Pylon  
  141  8:38  Probe  
  141  8:39  Disruptor (Chrono Boost)  
  141  8:45  Stalker x4, Nexus  
  132  8:50  Zealot x2  
  132  8:54  Probe  
  119  8:56  Zealot  
  119  9:01  Probe  
  114  9:05  Observer  
  114  9:06  Observer  
  109  9:10  Stalker x4  
  109  9:11  Probe  
  109  9:12  Disruptor (Chrono Boost)  
  109  9:16  Pylon  
  121  9:20  Pylon x2  
  121  9:35  Robotics Facility  
  121  9:41  Stalker x3  
  121  9:42  Stalker x2  
  121  9:43  Stalker  
  132  9:54  Probe  
  132  9:57  Probe  
  132  9:59  Zealot  
  133  10:00  Zealot  
  133  10:06  Probe  
  136  10:09  Dark Shrine  
  136  10:13  Zealot x5, Gateway  
  142  10:14  Gateway  
  142  10:21  Stalker x2  
  142  10:26  Stalker, Colossus (Chrono Boost)  
  144  10:35  Stalker x2  
  150  10:40  Assimilator  
  150  10:49  Pylon, Disruptor (Chrono Boost)  
  148  10:56  Templar Archives  
  149  11:13  Disruptor  
  149  11:15  Pylon  
  152  11:21  Disruptor  
  152  11:23  Dark Templar x4  
  161  11:27  Pylon  
  161  11:30  Stalker  
  161  11:31  Stalker x2  
  167  11:34  Zealot x3  
  167  11:35  Pylon  
  167  11:54  Stalker x3  
  167  11:55  Stalker, Zealot x6  
  155  12:11  Probe  
  155  12:12  Probe  
  153  12:16  Stalker x6  
  153  12:18  Stalker x2  
  153  12:21  Probe  
  153  12:22  Probe  
  167  12:30  Probe  
  167  12:31  Stalker x2  

Tags
 
Add a new tag
Caveats
  • Supply blocks, unpowered buildings, or Contaminate may cause inaccurate times.
  • Supply counts are checked every 10 seconds.